Map: Acid Plant LE

Players

CinDra - Winner!

  • Race: Zerg Zerg
  • League: Platinum
  • Spawn Location: 11:00

davidm

  • Race: Terran Terran
  • League: Platinum
  • Spawn Location: 5:00

VOD

Have the link to the VOD?

Description

Time

  • Played on: March 20, 2018, 10:17 p.m.
  • Length: 15:22
Show
View Real Time Build Order
Export as new Build Order

CinDra Zerg - Winner!

Build Orders: Hatch First 

Get SALT Encoding   

  12  0:01  Drone  
  13  0:13  Overlord  
  13  0:18  Drone  
  14  0:31  Drone x2  
  17  0:35  Drone  
  17  0:52  Hatchery  
  16  0:58  Drone x2  
  18  1:13  Extractor  
  18  1:14  Spawning Pool  
  18  1:17  Drone  
  17  1:33  Drone  
  17  1:34  Drone  
  19  1:42  Overlord  
  19  1:51  Drone  
  20  2:00  Queen  
  22  2:02  Zergling x2  
  22  2:06  Queen  
  22  2:07  Zergling x2  
  26  2:13  Drone  
  27  2:16  Zergling x2  
  28  2:25  Zergling x2  
  29  2:35  Overlord  
  29  2:44  Overlord  
  29  3:02  Zergling x10  
  31  3:18  Zergling x10  
  36  3:20  Overlord  
  36  3:21  Overlord  
  36  3:24  Metabolic Boost  
  36  3:27  Overlord  
  35  3:44  Zergling x6  
  38  3:52  Zergling x4  
  38  3:53  Zergling x2  
  38  3:54  Zergling x8  
  45  4:06  Drone  
  45  4:07  Drone x2  
  48  4:20  Hatchery  
  48  4:23  Drone  
  48  4:24  Drone x2  
  50  4:35  Drone  
  50  4:36  Roach Warren  
  50  4:40  Drone x5  
  53  4:57  Baneling Nest  
  53  5:05  Drone x6  
  59  5:07  Overlord x4  
  59  5:10  Extractor  
  58  5:18  Drone  
  59  5:33  Queen  
  61  5:37  Drone x3  
  61  5:42  Extractor, Drone  
  64  5:43  Drone  
  64  5:45  Drone x6  
  64  5:46  Queen  
  73  5:57  Baneling  
  73  5:58  Baneling x11  
  74  6:18  Drone x4  
  74  6:19  Drone x8  
  81  6:39  Zergling x2  
  77  6:40  Zergling x12  
  82  6:50  Zergling x10  
  84  6:58  Zergling x8  
  83  7:08  Extractor  
  82  7:12  Zergling x8, Extractor  
  83  7:23  Baneling x4  
  83  7:29  Zergling x2  
  87  7:30  Zergling x8  
  88  7:41  Drone  
  88  7:42  Drone x8  
  88  7:43  Overlord  
  97  7:50  Evolution Chamber  
  96  7:51  Evolution Chamber  
  89  8:03  Zergling x2  
  89  8:04  Zergling x8  
  83  8:08  Baneling x2  
  83  8:10  Baneling x10  
  83  8:12  Zergling x20  
  93  8:23  Lair  
  91  8:34  Zergling x12  
  97  8:44  Hatchery  
  97  8:46  Overlord x2, Extractor  
  95  8:49  Zergling x4  
  97  9:03  Zerg Ground Armor Level 1, Zerg Melee Weapons Level 1  
  97  9:08  Zergling x16  
  97  9:09  Zergling x4  
  107  9:11  Baneling x6  
  107  9:25  Pneumatized Carapace  
  105  9:34  Centrifical Hooks  
  72  9:54  Zergling x2  
  72  9:55  Zergling x40  
  72  9:58  Queen  
  93  10:17  Baneling  
  93  10:18  Baneling x3  
  93  10:19  Baneling x4  
  93  10:21  Zergling x26  
  106  10:42  Drone x6  
  112  10:44  Overlord x4  
  112  10:51  Spire  
  111  11:04  Zergling x20  
  121  11:30  Zergling x10  
  121  11:31  Zergling x24  
  138  11:33  Overlord  
  138  11:45  Overseer  
  138  11:46  Overseer x2  
  138  12:01  Zerg Melee Weapons Level 2  
  138  12:02  Zerg Ground Armor Level 2  
  138  12:06  Mutalisk x7, Zerg Flyer Weapons Level 1  
  152  12:08  Overlord x3  
  152  12:09  Overlord x10  
  136  12:30  Mutalisk  
  136  12:31  Mutalisk x15  
  131  12:48  Mutalisk x6  
  127  12:51  Zergling x2  
  126  13:09  Mutalisk x6  
  135  13:38  Mutalisk  
  135  13:39  Mutalisk x5  
  145  13:54  Zergling x6  
  145  13:55  Zergling x18  
  157  14:06  Zergling x8  
  161  14:30  Zergling x18  
  161  14:31  Hatchery  
Show
View Real Time Build Order
Export as new Build Order

davidm Terran 

Build Orders:  

Get SALT Encoding   

  12  0:01  SCV  
  13  0:13  SCV  
  14  0:18  Supply Depot  
  14  0:30  SCV  
  15  0:43  Barracks, SCV  
  16  0:59  SCV  
  16  1:03  Barracks  
  17  1:11  SCV  
  17  1:15  Supply Depot  
  18  1:23  SCV  
  19  1:34  Marine  
  19  1:39  Refinery, Barracks  
  20  1:42  SCV  
  21  1:51  Marine  
  22  1:57  Marine  
  23  2:02  Orbital Command  
  23  2:09  Marine  
  23  2:38  Marine x2  
  25  2:48  Command Center  
  25  2:50  SCV  
  26  2:56  Marine  
  25  3:13  Marine x2  
  25  3:30  SCV  
  29  3:35  Barracks  
  23  3:51  Marine  
  22  4:04  Engineering Bay  
  22  4:09  Marine  
  22  4:20  Supply Depot  
  22  4:23  SCV  
  23  4:27  Marine  
  23  4:30  Barracks  
  24  4:32  Bunker  
  25  4:39  Planetary Fortress  
  24  4:48  Marine  
  24  4:55  Marine  
  25  5:06  SCV, Marine  
  27  5:10  Barracks Reactor  
  27  5:13  Marine  
  28  5:16  Refinery  
  28  5:17  SCV  
  28  5:18  SCV  
  28  5:20  Barracks Tech Lab  
  30  5:24  Marine  
  30  5:25  Factory  
  30  5:27  Supply Depot  
  31  5:29  SCV  
  31  5:30  SCV  
  34  5:36  Missile Turret  
  34  5:37  Barracks Reactor  
  34  5:41  Marine, SCV  
  35  5:43  SCV  
  36  5:53  SCV  
  36  5:54  Marine x3  
  36  5:55  SCV  
  41  5:57  Combat Shields, Supply Depot  
  41  6:05  SCV  
  41  6:07  SCV  
  43  6:11  Supply Depot  
  43  6:17  SCV  
  44  6:18  Marine  
  44  6:19  Marine x2  
  44  6:20  Barracks Reactor  
  46  6:27  Marine x2  
  46  6:29  SCV  
  47  6:36  Marine  
  47  6:37  Marine x2  
  41  6:41  SCV  
  41  6:45  Marine x2  
  31  6:54  Marine x2  
  31  6:55  Marine  
  31  6:57  SCV  
  31  6:58  Marine  
  31  6:59  Marine  
  33  7:03  Marine x2  
  33  7:05  Supply Depot  
  33  7:06  Factory Tech Lab  
  35  7:09  SCV  
  35  7:12  Marine x3  
  35  7:13  Starport  
  39  7:17  Factory  
  39  7:18  SCV  
  39  7:20  Marine  
  39  7:21  Marine  
  39  7:22  Refinery, SCV  
  43  7:26  Marine x2  
  45  7:30  SCV, Marine  
  45  7:34  SCV  
  48  7:42  SCV  
  49  7:47  SCV  
  50  7:54  SCV  
  49  7:59  SCV  
  49  8:00  Marine  
  49  8:01  Marine x6  
  57  8:12  Factory Tech Lab  
  57  8:13  Starport Tech Lab  
  57  8:16  Starport Reactor  
  57  8:18  Marine x2, SCV  
  60  8:21  Marine x2  
  62  8:30  SCV  
  62  8:31  Siege Tank x2  
  69  8:42  SCV  
  69  8:45  Marine  
  69  8:46  Marauder  
  69  8:47  Marine x2  
  75  8:48  Bunker  
  75  8:49  Concussive Shells  
  75  8:57  Terran Infantry Weapons Level 1  
  75  8:58  Missile Turret  
  75  9:07  Marauder  
  77  9:13  Marine  
  78  9:21  Supply Depot  
  78  9:24  Supply Depot  
  78  9:42  Medivac, SCV, Marine x3  
  78  9:43  Command Center, Widow Mine  
  86  9:45  Medivac  
  70  9:55  Marine x2  
  70  9:57  Siege Tank  
  67  10:00  Marine x2  
  67  10:04  SCV x2  
  71  10:07  Marine  
  71  10:14  Marauder  
  74  10:16  SCV x2  
  77  10:28  SCV  
  77  10:29  Siege Tank  
  77  10:32  Medivac x2  
  77  10:33  Marine x2  
  77  10:34  Marine  
  77  10:35  Marauder  
  89  10:54  Siege Tank  
  92  11:03  Planetary Fortress  
  92  11:05  SCV x2  
  94  11:13  Barracks Reactor  
  94  11:17  SCV  
  94  11:18  SCV  
  96  11:22  Marine  
  96  11:23  Marauder, Marine x2  
  96  11:24  Refinery, Marine  
  102  11:29  SCV  
  103  11:41  Siege Tank  
  103  11:44  Marauder  
  106  11:55  Marine x3  
  109  12:06  Supply Depot  
  109  12:10  Refinery  
  109  12:13  Supply Depot  
  109  12:27  Marine x6  
  109  12:28  Marauder  
  117  12:34  Siege Tank  
  117  12:35  Siege Tank  
  123  12:38  Supply Depot  
  123  12:43  Stimpack  
  112  12:47  Marine x2  
  112  12:48  Marine x4  
  112  12:49  Marauder  
  101  13:05  Marine x3  
  96  13:07  Siege Tank  
  96  13:08  Marine x3  
  96  13:10  Marauder  
  98  13:16  Missile Turret  
  98  13:18  Missile Turret  
  84  13:23  Marine x3  
  84  13:26  Marine x3  
  75  13:32  Marauder  
  74  13:41  Marine x3  
  72  13:43  Missile Turret, Marine  
  72  13:47  Missile Turret  
  75  13:49  Marine  
  75  13:53  Marine  
  78  13:58  Marine  
  78  13:59  Marine  
  78  14:01  Marine  
  82  14:06  Marine  
  81  14:10  Marine  
  81  14:11  Engineering Bay  
  81  14:16  Marine x2  
  83  14:17  Barracks  
  83  14:19  Marine  
  85  14:24  Marine  
  85  14:28  Marine  
  87  14:34  Marine  
  87  14:38  Marine x2  
  68  14:42  Marine  
  58  14:46  Marine  
  58  14:49  Missile Turret  
  58  14:52  Marine  
  43  14:56  Marine x2  
  36  15:00  Marine  
Tags
 
Add a new tag
Caveats
  • Supply blocks, unpowered buildings, or Contaminate may cause inaccurate times.
  • Supply counts are checked every 10 seconds.